 Dungeon Crawl Stone Soup version 0.19-a0-1732-g0b18a7b (webtiles) character file.

273 Amnesiac the Cudgeler (level 6, 0/99 HPs)
             Began as an Ogre Monk on Sept 30, 2016.
             Succumbed to an adder's poison
             ... on level 3 of the Dungeon.
             The game lasted 00:02:33 (2126 turns).

Amnesiac the Cudgeler (Ogre Monk)                   Turns: 2126, Time: 00:02:33

Health: 0/99       AC: 23    Str: 17    XL:     6   Next: 24%
Magic:  6/6        EV:  1    Int: 14    God:
Gold:   83         SH:  0    Dex: 14    Spells: 0 memorised, 5 levels left

rFire  . . .     SeeInvis .     a - +0 mace
rCold  . . .     Gourm    .     (armour currently unavailable)
rNeg   + + +     Faith    .     (no shield)
rPois  +         Spirit   .     (helmet currently unavailable)
rElec  .         Dismiss  .     (cloak currently unavailable)
rCorr  .         Reflect  .     (gloves unavailable)
MR     .....     Harm     .     (boots unavailable)
Stlth  ++........ NoTele   +    (no amulet)
                                (no ring)
                                (no ring)

@: brilliant, lethally poisoned (0 -> -2), tree-form
A: unfitting armour, (beak), (horns 0), (tough skin 0), MP-powered wands
a: no special abilities


You were on level 3 of the Dungeon.
You were hungry.
You were a tree.
You visited 1 branch of the dungeon, and saw 5 of its levels.

You collected 83 gold pieces.

Inventory:

Hand Weapons
 a - a +0 mace (weapon)
Armour
 b - a +0 robe (melded)
Scrolls
 e - 2 scrolls of enchant armour {unknown}
 j - 2 scrolls of immolation {unknown}
 k - a scroll of recharging {unknown}
Comestibles
 c - 4 bread rations
 f - a beef jerky
 l - 2 chunks of flesh


   Skills:
 + Level 5.5 Fighting
 * Level 6.8 Maces & Flails
 + Level 3.9 Dodging
 - Level 1.5 Stealth


You had 5 spell levels left.
You didn't know any spells.

Dungeon Overview and Level Annotations

Branches:
Dungeon (5/15)
 Temple: D:4-7

Altars:
The Shining One

Annotations:
D:4 Natasha


Innate Abilities, Weirdness & Mutations

You are too large for most types of armour.
((You have tough skin. (AC +1)))
((You have a beak for a mouth.))
((You have a pair of small horns on your head.))
You expend magic power (3 MP) to strengthen your wands.


Message History

* * * LOW HITPOINT WARNING * * *
You feel sick.
Unknown command.
It was a potion of mutation.
You feel extremely strange.
Your mouth lengthens and hardens into a beak!
You feel your magical essence link to your wands.
A pair of horns grows on your head!
* * * LOW HITPOINT WARNING * * *
You feel sick.
Unknown command.
It was a potion of brilliance.
You feel clever all of a sudden.
* * * LOW HITPOINT WARNING * * *
You feel sick.
It was a potion of lignification.
You turn into a tree.
Your +0 robe melds into your body.
Your roots penetrate the ground.
There is a lethal amount of poison in your body!
* * * LOW HITPOINT WARNING * * *
You feel sick.
You die...

#############
#.........[♣#
##.#######.#.#
#..# #.#.# ##..#
#.#.#
####...#######.#.#
...#.#.........#.#
.....#.....#####.#
....###........#.#
...## ##.........#


There were no monsters in sight!

Vanquished Creatures
  A howler monkey (D:4)
  A hound (D:3)
  An orc priest (D:4)
  A bullfrog skeleton (D:4)
  2 iguanas (D:4)
  A worker ant (D:3)
  3 adders
  2 leopard geckos (D:3)
  6 orcs
  2 giant cockroaches
  4 goblins
  3 hobgoblins
  2 jackals (D:2)
  5 kobolds
  A quokka (D:2)
  A bat (D:2)
  2 frilled lizards
  A rat (D:2)
39 creatures vanquished.

Notes
Turn   | Place    | Note
-------+----------+-------------------------------------------
     0 | D:1      | Amnesiac the Ogre Monk began the quest for the Orb.
     0 | D:1      | Reached XP level 1. HP: 24/24 MP: 1/1
    31 | D:1      | You fall through a shaft!
   180 | D:2      | Reached XP level 2. HP: 24/32 MP: 2/2
   638 | D:3      | Reached XP level 3. HP: 39/39 MP: 3/3
   639 | D:3      | Found a glowing golden altar of the Shining One.
   748 | D:4      | Reached skill level 5 in Maces & Flails
   748 | D:4      | Reached XP level 4. HP: 8/49 MP: 4/4
  1469 | D:3      | Reached XP level 5. HP: 26/55 MP: 5/5
  1671 | D:4      | Reached skill level 5 in Fighting
  1671 | D:4      | Reached skill level 6 in Maces & Flails
  1763 | D:4      | HP: 1/57 [iguana (8)]
  2071 | D:4      | Reached XP level 6. HP: 44/66 MP: 6/6
  2077 | D:4      | Noticed Natasha
  2086 | D:5      | Entered Level 5 of the Dungeon
  2120 | D:3      | HP: 3/66 [poisoned by an adder]
  2121 | D:3      | Gained mutation: You have a beak for a mouth. [potion of mutation]
  2121 | D:3      | Gained mutation: You expend magic power (3 MP) to strengthen your wands. [potion of mutation]
  2121 | D:3      | Gained mutation: You have a pair of small horns on your head. [potion of mutation]
  2122 | D:3      | HP: 1/66 [poisoned by an adder]
  2126 | D:3      | Succumbed to an adder's poison

Vault maps used:
D:1:      lemuel_arrival_river_bridge
D:2:      first_bread, uniq_iyjb
D:3:      tso_metal_star
D:4:      minmay_bent, uniq_natasha
D:5:      gammafunk_temple_overflow_pools

Skill      XL: |  1  2  3  4  5 |
---------------+----------------+-----
Dodging        | 3 |  3.9
Maces & Flails | 5 6 |  6.8
Fighting       | 5 |  5.5
Stealth        | |  1.5

Action                   |  1- 3 |  4- 6 || total
-------------------------+-------+-------++-------
Melee: Mace              |    78 |   101 ||   179
  Use: Potion            |       |     4 ||     4
  Eat: Chunk             |       |     2 ||     2
       Beef jerky        |       |     1 ||     1
Armor: Robe              |    13 |    30 ||    43
Dodge: Dodged            |    40 |    74 ||   114
